Cogmind - Beta 9.4 @@@ ROGUE MODE // 2020.03.21 @ 18:33:10 Player: Joshua Result: Destroyed by S-10 Pest with Light Assault Rifle Performance ------------- Evolutions (0) 0 Regions Visited (4) 800 Robots Destroyed (9) 45 Value Destroyed (175) 175 Prototype IDs (2) 40 Alien Tech Used (0) 0 Bonus (25) 25 TOTAL SCORE: 1085 Bonus ------- Follower Combat Kills 25 Cogmind --------- Core Integrity 0/250 Matter 300/300 Energy 93/100 System Corruption 4% Temperature Cool (0) Movement Core (50) Location -9/Mines Parts ------- > --- POWER (1) -------- (None) > --- PROPULSION (2) --- (None) > --- UTILITY (2) ------ (None) > --- WEAPON (2) ------- (None) > --- INVENTORY (4) ---- Light Ion Engine Compact Wheel Medium Storage Unit High-capacity Battery (400) Peak State ------------ > --- POWER ------------ Light Ion Engine > --- PROPULSION ------- Light Treads Light Treads > --- UTILITY ---------- Large Storage Unit Targeting Computer > --- WEAPON ----------- Particle Gun Assault Rifle > --- INVENTORY -------- Light Ion Engine Compact Wheel Compact Wheel Compact Wheel Medium Storage Unit Medium Storage Unit High-capacity Battery Large Matter Pod Small Laser Small Laser [Rating: 9] Favorites ----------- Power Light Ion Engine Engine Light Ion Engine Propulsion Light Treads Treads Light Treads Wheel Compact Wheel Utility Targeting Computer Storage Small Storage Unit Processor Targeting Computer Weapon Assault Rifle Energy Gun Particle Gun Ballistic Gun Assault Rifle Build | -11 -10 -10 -10 -9 ------- Run | Scr Mat Min Exi Min Slots Evolved . | . . . . . Power . | . . . . . Propulsion . | . . . . . Utility . | . . . . . Weapon . | . . . . . Parts Attached 15 | 6 4 1 1 3 Power 1 | 1 . . . . Engine 1 | 1 . . . . Core . | . . . . . Reactor . | . . . . . Propulsion 5 | 2 2 . . 1 Treads 2 | . 2 . . . Leg . | . . . . . Wheel 3 | 2 . . . 1 Hover . | . . . . . Flight . | . . . . . Utility 3 | 1 1 . 1 . Device . | . . . . . Storage 2 | 1 . . 1 . Processor 1 | . 1 . . . Hackware . | . . . . . Protection . | . . . . . Artifact . | . . . . . Weapon 6 | 2 1 1 . 2 Energy Gun 5 | 2 . 1 . 2 Energy Cannon . | . . . . . Ballistic Gun 1 | . 1 . . . Ballistic Cannon . | . . . . . Launcher . | . . . . . Special Weapon . | . . . . . Impact Weapon . | . . . . . Slashing Weapon . | . . . . . Piercing Weapon . | . . . . . Special Melee Weapon . | . . . . . Unidentified Prototypes . | . . . . . Parts Lost 9 | . . 1 . 8 Power 1 | . . . . 1 Propulsion 3 | . . . . 3 Utility . | . . . . . Weapon 5 | . . 1 . 4 Highest Loss Streak 8 | . . 1 . 8 Average Slot Usage (%) 79 | . 94 100 100 25 Engine 11 | . 14 14 14 3 Treads 17 | . 9 28 28 6 Wheel 4 | . 18 . . . Storage 11 | . 14 14 14 3 Processor 10 | . 8 14 14 3 Energy Gun 13 | . 23 14 14 3 Ballistic Gun 8 | . 4 14 14 3 Naked Turns 173 | . . . . 173 Heaviest Build 24 | 10 11 12 24 24 Greatest Support 40 | 32 40 40 40 40 Greatest Overweight (x) . | . . . . . Average Overweight (x) . | . . . . . Largest Inventory Capacity 10 | 6 6 6 10 10 Average Capacity 6 | 5 6 6 7 5 Most Carried 10 | 5 6 6 10 10 Average Carried 5 | 2 5 5 7 5 Final Capacity 10 | 6 6 6 10 4 Final Carried 10 | 5 6 6 10 4 Class Distribution -------------------- 100% | Mutant Dominant Class ---------------- Mutant | -10/Materials Mutant | -10/Mines Mutant | -10/Exiles Mutant | -9/Mines Resources | -11 -10 -10 -10 -9 ----------- Run | Scr Mat Min Exi Min Matter Collected 383 | 260 67 20 10 26 Remotely . | . . . . . Salvage Created 318 | 77 92 79 . 70 Parts 11 | 1 2 4 . 4 Haulers Intercepted . | . . . . . Recyclers Shooed . | . . . . . Parts Field Recycled . | . . . . . Retrieved Matter . | . . . . . Parts Self-Destructed . | . . . . . Prevented . | . . . . . Kills | -11 -10 -10 -10 -9 ------- Run | Scr Mat Min Exi Min Combat Hostiles Destroyed 7 | . 2 2 . 3 Guns 7 | . 2 2 . 3 Classes Destroyed 4 | 1 1 . . 2 Tunneler 1 | . . . . 1 Recycler 1 | 1 . . . . Grunt 4 | . 2 2 . . Assembled 3 | . . . . 3 Best Kill Streak 3 | 1 2 2 . 3 Combat Bots Only 3 | . 2 2 . 3 Max Kills in Single Turn 1 | 1 1 1 . 1 Gunslinging . | . . . . . Exploded . | . . . . . Melee . | . . . . . Uniques/NPCs Destroyed . | . . . . . Combat | -11 -10 -10 -10 -9 -------- Run | Scr Mat Min Exi Min Damage Taken 915 | . 172 65 . 678 Core 257 | . 47 . . 210 Absorbed by Shields . | . . . . . Core Remaining (%) 100 | 100 . . . . Volleys Fired 28 | 2 9 5 . 12 Largest 2 | 2 2 2 . 2 Hottest 90 | 90 70 85 . 85 Shots Fired 51 | 4 18 10 . 19 Gun 51 | 4 18 10 . 19 Cannon . | . . . . . Launcher . | . . . . . Special . | . . . . . Kinetic 23 | . 9 5 . 9 Thermal 28 | 4 9 5 . 10 Explosive . | . . . . . Electromagnetic . | . . . . . Robot Hit Streak 7 | 4 7 6 . 4 Robot Miss Streak 4 | . 1 1 . 4 Penetration Max . | . . . . . Secondary Targets 2 | . . 1 . 1 Max Gunslinging Chain 1 | . . 1 . 1 Shots Hit Robots 34 | 4 12 9 . 9 Core Hits 19 | 2 5 3 . 9 Critical Hits . | . . . . . Critical Kills . | . . . . . Critical Parts Destroyed . | . . . . . Melee Attacks . | . . . . . Impact . | . . . . . Slashing . | . . . . . Piercing . | . . . . . Sneak Attacks . | . . . . . Combat Hostiles . | . . . . . Follow-up Attacks . | . . . . . Damage Inflicted 428 | 45 129 120 . 134 Guns 418 | 45 129 120 . 124 Cannons . | . . . . . Explosions . | . . . . . Melee . | . . . . . Ramming 10 | . . . . 10 Kinetic 209 | . 80 61 . 68 Thermal 209 | 45 49 59 . 56 Explosive . | . . . . . Electromagnetic . | . . . . . Impact . | . . . . . Slashing . | . . . . . Piercing . | . . . . . Highest Corruption 4 | . . . . 4 Average Corruption 4 | . . . . 4 Corruption Purged . | . . . . . Effects 5 | . . . . 5 Message Errors 1 | . . . . 1 Matter Fused 1 | . . . . 1 Energy Discharges 2 | . . . . 2 Data Loss (minor) 1 | . . . . 1 Overload Shots . | . . . . . Overflow Damage . | . . . . . Projectiles . | . . . . . Explosions . | . . . . . Melee . | . . . . . Knockbacks . | . . . . . Impact . | . . . . . Kinetic . | . . . . . Secondary . | . . . . . Self-Inflicted Damage 5 | . . . . 5 Shots . | . . . . . Rammed 3 | . . . . 3 Targets Rammed 3 | . . . . 3 Kicked . | . . . . . Crushed . | . . . . . Highest Temperature 156 | 60 156 106 . 132 Average Temperature 62 | 33 80 46 . 60 Received Heat Transfer 226 | . 84 36 . 106 Siege Activations . | . . . . . Robots Corrupted . | . . . . . Combat Hostiles . | . . . . . Parts Fried . | . . . . . Impact Corruptions . | . . . . . Robots Melted . | . . . . . Combat Hostiles . | . . . . . Parts Melted . | . . . . . Heat Transferred 557 | 124 148 148 . 137 Parts Sabotaged . | . . . . . Parts Stolen . | . . . . . Parts Stripped . | . . . . . Power Chain Reactions . | . . . . . Missiles Intercepted . | . . . . . Alert | -11 -10 -10 -10 -9 ------- Run | Scr Mat Min Exi Min Peak Influence 73 | 5 73 68 . 28 Average Influence 20 | 1 27 63 . 2 Maximum Alert Level . | . . . . . Low Security (%) 100 | 100 100 100 . 100 Level 1 . | . . . . . Level 2 . | . . . . . Level 3 . | . . . . . Level 4 . | . . . . . Level 5 . | . . . . . High Security . | . . . . . Max Security . | . . . . . Squads Dispatched . | . . . . . Investigation . | . . . . . Extermination . | . . . . . Reinforcement . | . . . . . Assault . | . . . . . Garrison . | . . . . . Intercept . | . . . . . Construction Impeded . | . . . . . Haulers Reinforced . | . . . . . Stealth | -11 -10 -10 -10 -9 --------- Run | Scr Mat Min Exi Min Distress Signals 1 | . 1 . . . Communications Jammed . | . . . . . Distress Signals . | . . . . . Times Spotted 33 | . 8 1 . 24 Peak Tracking Total 14 | . 5 1 . 14 Tactical Retreats 5 | . 1 . . 4 Traps | -11 -10 -10 -10 -9 ------- Run | Scr Mat Min Exi Min Traps Triggered . | . . . . . Indirectly . | . . . . . Trap Hack Attempts . | . . . . . Triggered . | . . . . . Disarmed . | . . . . . Reprogrammed . | . . . . . Reused . | . . . . . Traps Extracted . | . . . . . Installed . | . . . . . Triggered . | . . . . . Machines | -11 -10 -10 -10 -9 ---------- Run | Scr Mat Min Exi Min Machines Disabled . | . . . . . Max in Single Turn . | . . . . . Machines Sabotaged . | . . . . . Garrisons Compromised . | . . . . . Overloaded Fab Kills . | . . . . . Fab Network Shutdowns . | . . . . . Hacking | -11 -10 -10 -10 -9 --------- Run | Scr Mat Min Exi Min Machines Accessed 4 | . 3 . 1 . Terminals 3 | . 3 . . . Fabricators . | . . . . . Repair Stations . | . . . . . Recycling Units . | . . . . . Scanalyzers . | . . . . . Garrison Access . | . . . . . Total Hacks 9 | . 8 . 1 . Successful 7 | . 6 . 1 . Failed 2 | . 2 . . . Catastrophic . | . . . . . Database Lockouts . | . . . . . Manual 5 | . 5 . . . Terminals 8 | . 8 . . . Fabricators . | . . . . . Repair Stations . | . . . . . Recycling Units . | . . . . . Scanalyzers . | . . . . . Garrison Access . | . . . . . Terminal Hacks 5 | . 4 . 1 . Record 1 | . . . 1 . Prototype ID Bank 1 | . 1 . . . Branch Access Points 1 | . 1 . . . Terminal Index 1 | . 1 . . . Locate Traps 1 | . 1 . . . Fabricator Hacks . | . . . . . Repair Station Hacks . | . . . . . Recycling Unit Hacks . | . . . . . Scanalyzer . | . . . . . Garrison Access Hacks . | . . . . . Unauthorized Hacks 6 | . 6 . . . Terminals 2 | . 2 . . . Track 1 | . 1 . . . Botnet 1 | . 1 . . . Fabricators . | . . . . . Repair Stations . | . . . . . Recycling Units . | . . . . . Scanalyzers . | . . . . . Garrison Access . | . . . . . Data Cores Recovered . | . . . . . Used . | . . . . . Hacking Detections 3 | . 3 . . . Full Trace Events . | . . . . . Feedback Events . | . . . . . Feedback Blocked . | . . . . . Robot Schematics Acquired . | . . . . . Robots Built . | . . . . . Matter . | . . . . . Time . | . . . . . Total Robot Build Rating . | . . . . . Part Schematics Acquired . | . . . . . Parts Built . | . . . . . Matter . | . . . . . Time . | . . . . . Total Part Build Rating . | . . . . . Parts Repaired . | . . . . . Time . | . . . . . Parts Recycled . | . . . . . Recycled Matter . | . . . . . Retrieved Matter . | . . . . . Retrieved Components . | . . . . . Parts Scanalyzed . | . . . . . Part Schematics Acquired . | . . . . . Parts Damaged . | . . . . . Bothacking | -11 -10 -10 -10 -9 ------------ Run | Scr Mat Min Exi Min Used RIF Installer . | . . . . . Robots Hacked . | . . . . . Non-combat . | . . . . . Combat . | . . . . . Robot Hacks Applied . | . . . . . Relay Couplers Released . | . . . . . Robots Rewired . | . . . . . Allies Hacked . | . . . . . Hacks Repelled . | . . . . . Allies | -11 -10 -10 -10 -9 -------- Run | Scr Mat Min Exi Min Total Allies 3 | . . . . 3 Largest Group 3 | . . . . 3 Highest-Rated Group 40 | . . . . 40 Highest-Rated Ally 16 | . . . . 16 Total Orders . | . . . . . Ally Attacks 15 | . . . . 15 Total Damage 188 | . . . . 188 Kills 1 | . . . . 1 Allies Corrupted . | . . . . . Allies Melted . | . . . . . Intel | -11 -10 -10 -10 -9 ------- Run | Scr Mat Min Exi Min Robot Analysis Total . | . . . . . Derelict Logs Recovered 2 | . . . . 2 Drone Launches . | . . . . . Drone Recoveries . | . . . . . Exploration | -11 -10 -10 -10 -9 ------------- Run | Scr Mat Min Exi Min Turns Passed 1030 | 66 242 81 395 246 Spaces Moved 861 | 45 174 40 243 359 Core 336 | 1 . . . 335 Treads 333 | . 26 40 243 24 Legs . | . . . . . Wheels 192 | 44 148 . . . Hover . | . . . . . Flight . | . . . . . Fastest Speed 50 | 50 100 160 160 50 Average Speed 103 | 98 108 160 160 57 Slowest Speed 160 | 100 160 160 160 160 Overloaded Moves . | . . . . . Propulsion Burnouts . | . . . . . Robots Hopped . | . . . . . Cave-ins Triggered . | . . . . . Exploration Rate (%) 36 | 3 26 12 63 77 Regions Visited 4 Branch Regions 3 Pre-discovered Areas 1 | . . . 1 . Known Exits Taken 1 | . 1 . . . Unknown Exits Taken 3 | 1 . 1 1 . Scrap Searched 1 | . . . . 1 Spaces Dug . | . . . . . Terrain Destroyed . | . . . . . Melee . | . . . . . Projectile . | . . . . . AOE . | . . . . . Actions | -11 -10 -10 -10 -9 --------- Run | Scr Mat Min Exi Min Total 945 | 60 207 48 250 380 Wait 24 | 1 20 . . 3 Move 857 | 44 173 39 242 359 Hop . | . . . . . Pick Up 15 | 7 1 2 5 . Fast Attach 5 | 4 1 . . . Attach 6 | 2 . 1 . 3 Detach . | . . . . . Swap 4 | . 3 . 1 . Drop 3 | . . 1 2 . Fire 28 | 2 9 5 . 12 Melee . | . . . . . Ram 3 | . . . . 3 Kick . | . . . . . Crush . | . . . . . Escape Stasis . | . . . . . Rewire . | . . . . . Trap . | . . . . . Miscellaneous . | . . . . . Route ------- -11/Scrapyard -10/Materials -10/Mines -10/Exiles -9/Mines History --------- Turn | Location | Event 27 | -11/Scrapyard | Discovered new exit (range 16) 67 | -11/Scrapyard | Entered Materials 113 | -10/Materials | Identified exit to Mines 301 | -10/Materials | Build established: Mutant 309 | -10/Materials | Entered Mines 384 | -10/Mines | Deemed a non-threat by the Exiles lab entrance 384 | -10/Mines | Discovered new exit (range 5) 390 | -10/Mines | Entered Exiles 429 | -10/Exiles | Met 8R-AWN 456 | -10/Exiles | Met EX-HEX 499 | -10/Exiles | Met EX-BIN 538 | -10/Exiles | Met EX-DEC 550 | -10/Exiles | Learned location of Zion (-7) 772 | -10/Exiles | Discovered new exit (range 10) 785 | -10/Exiles | Entered Mines 809 | -9/Mines | Assembled infested the area 858 | -9/Mines | Released all parts (2) 859 | -9/Mines | Core integrity fell below 50% 874 | -9/Mines | Core integrity fell below 20% 882 | -9/Mines | Assisted by bots powering up and referring to "LRC-V3" 888 | -9/Mines | Lost 8 parts (1p3n4w) 919 | -9/Mines | Learned Materials emergency access door positions 1031 | -9/Mines | Destroyed by S-10 Pest with Light Assault Rifle Last Messages --------------- 00915_ Trooper 2b destroyed. 00916_ Mercenary 2a destroyed. 00919_ Acquired derelict log, extracted data. Data stored: Materials emergency access points. 00920_ G-47 Trooper destroyed. 00921_ System corrupted: Matter fused (-9). 00926_ Searching scrap... 00926_ Found 21 Matter. 00926_ Found ECM Suite. 00926_ Found Lrg. Battery. 00926_ Found 18 Matter. 00926_ Found Autogun. 00927_ Acquired 9 matter. 00946_ System corrupted: Component data lost. 00986_ C22Y:P4/FIV95QB7%%QTYQ6PTU